| TOP OF THE 1ST |
|
Danville Dairy Daddies batting - Pitching for Columbus Clippers : RHP Osvaldo Fernandez
|
|
Pitching: RHP Osvaldo Fernandez
|
|
|
Batting: SHB Joey Cora
|
0-0: Ball 1-0: SINGLE (Groundball, 13, EV 68.1 MPH) (infield hit)
|
|
Batting: RHB Mike Blowers
|
0-0: Ball 1-0: Called Strike 1-1: Ball 2-1: Called Strike 2-2: Ball 3-2: Foul Ball, location: 2F 3-2: Grounds into double play, 6-4-3 (Groundball, 56, EV 102.5 MPH)
|
|
Batting: LHB David Ortiz
|
0-0: Ball 1-0: Ball 2-0: Ball 3-0: Called Strike 3-1: SINGLE (Line Drive, 89M, EV 103.8 MPH)
|
|
Batting: LHB Brant Brown
|
0-0: Fly out, F4 (Popup, 3DF, EV 53.8 MPH)
|
| Top of the 1st over - 0 runs, 2 hits, 0 errors, 1 left on base; Danville 0 - Columbus 0 |
| BOTTOM OF THE 1ST |
|
Columbus Clippers batting - Pitching for Danville Dairy Daddies : RHP Scott Scudder
|
|
Pitching: RHP Scott Scudder
|
|
|
Batting: LHB Ed Giovanola
|
0-0: Ball 1-0: Called Strike 1-1: Ball 2-1: Foul Ball, location: 2F 2-2: Foul Ball, location: 2F 2-2: SINGLE (Groundball, 4MD, EV 108.1 MPH)
|
|
Batting: RHB Carlos Garcia
|
0-0: Ball 1-0: Ball 2-0: Ball 3-0: Base on Balls Ed Giovanola to second
|
|
Batting: RHB Derrek Lee
|
0-0: Ball 1-0: Foul Ball, location: 2F 1-1: Ball 2-1: Ball 3-1: Foul Ball, location: 2F 3-2: Strikes out swinging
|
|
Batting: RHB Kevin Orie
|
0-0: Called Strike 0-1: Grounds into double play, 6-4-3 (Groundball, 6, EV 86.9 MPH)
|
| Bottom of the 1st over - 0 runs, 1 hit, 0 errors, 1 left on base; Danville 0 - Columbus 0 |
| TOP OF THE 2ND |
|
Danville Dairy Daddies batting - Pitching for Columbus Clippers : RHP Osvaldo Fernandez
|
|
Batting: LHB Rusty Greer
|
0-0: Ball 1-0: Ball 2-0: Foul Ball, location: 2F 2-1: Ground out 6-3 (Groundball, 56, EV 106.3 MPH)
|
|
Batting: RHB Kevin Polcovich
|
0-0: Ground out 5-3 (Groundball, 5S, EV 83.1 MPH)
|
|
Batting: RHB Shawn Gilbert
|
0-0: Ball 1-0: Foul Ball, location: 2F 1-1: Ball 2-1: SINGLE (Line Drive, 56, EV 102.5 MPH)
|
|
Batting: RHB Erik Pappas
|
0-0: Called Strike 0-1: Ball 1-1: Ball 2-1: Ball 3-1: Foul Ball, location: 2F 3-2: Ground out 6-3 (Groundball, 6, EV 81.3 MPH)
|
| Top of the 2nd over - 0 runs, 1 hit, 0 errors, 1 left on base; Danville 0 - Columbus 0 |
| BOTTOM OF THE 2ND |
|
Columbus Clippers batting - Pitching for Danville Dairy Daddies : RHP Scott Scudder
|
|
Batting: RHB Wendell Magee
|
0-0: Fly out, F5 (Line Drive, 5, EV 65.0 MPH)
|
|
Batting: LHB Alex Hernandez
|
0-0: Ground out 6-3 (Groundball, 6, EV 98.8 MPH)
|
|
Batting: LHB Kenjiro Nomura
|
0-0: SINGLE (Groundball, 2R, EV 63.8 MPH) (infield hit)
|
|
Batting: RHB Raul Chavez
|
0-0: Ball 1-0: DOUBLE (Groundball, 5L, EV 103.1 MPH) Kenjiro Nomura to third Runner from 3rd tries for Home, SAFE, no throw by LF
|
|
Batting: RHB Miguel Mejia
|
0-0: Ball 1-0: Called Strike 1-1: Ball 2-1: SINGLE (Line Drive, 7S, EV 104.4 MPH) Raul Chavez to third Runner from 3rd tries for Home, SAFE, throw by LF to home
|
|
Batting: LHB Ed Giovanola
|
0-0: Ball 1-0: Ball 2-0: Ball 3-0: Called Strike 3-1: Foul Ball, location: 2F 3-2: Foul Ball, location: 2F 3-2: Strikes out swinging
|
| Bottom of the 2nd over - 2 runs, 3 hits, 0 errors, 1 left on base; Danville 0 - Columbus 2 |
| TOP OF THE 3RD |
|
Danville Dairy Daddies batting - Pitching for Columbus Clippers : RHP Osvaldo Fernandez
|
|
Batting: RHB Takahiro Ikeyama
|
0-0: Called Strike 0-1: Ball 1-1: Ball 2-1: Ball 3-1: Foul Ball, location: 2F 3-2: Fly out, F8 (Flyball, 78M, EV 78.8 MPH)
|
|
Batting: SHB Joey Cora
|
0-0: Ball 1-0: Called Strike 1-1: Foul Ball, location: 2F 1-2: Fly out, F7 (Line Drive, 7, EV 105.6 MPH)
|
|
Batting: RHB Mike Blowers
|
0-0: DOUBLE (Line Drive, 5D, EV 100.6 MPH)
|
|
Batting: LHB David Ortiz
|
0-0: Called Strike 0-1: Ball 1-1: Ball 2-1: Called Strike 2-2: Ball 3-2: SINGLE (Flyball, 56D, EV 90.0 MPH) Mike Blowers to third Mike Blowers scores
|
|
Batting: LHB Brant Brown
|
0-0: Ball 1-0: Called Strike 1-1: Foul Ball, location: 2F 1-2: SINGLE (Groundball, 56D, EV 102.5 MPH) David Ortiz to second
|
|
Batting: LHB Rusty Greer
|
0-0: Swinging Strike 0-1: Ground out 1-3 (Groundball, P, EV 72.5 MPH)
|
| Top of the 3rd over - 1 run, 3 hits, 0 errors, 2 left on base; Danville 1 - Columbus 2 |
| BOTTOM OF THE 3RD |
|
Columbus Clippers batting - Pitching for Danville Dairy Daddies : RHP Scott Scudder
|
|
Batting: RHB Carlos Garcia
|
0-0: Called Strike 0-1: Ground out 6-3 (Groundball, 6, EV 90.0 MPH)
|
|
Batting: RHB Derrek Lee
|
0-0: Ball 1-0: SINGLE (Groundball, 4, EV 101.9 MPH) (infield hit)
|
|
Batting: RHB Kevin Orie
|
0-0: Foul Ball, location: 2F 0-1: Foul Ball, location: 2F 0-2: Ball 1-2: Ball 2-2: Ball 3-2: SINGLE (Line Drive, 56D, EV 103.8 MPH) Derrek Lee to second
|
|
Batting: RHB Wendell Magee
|
0-0: Ball 1-0: Called Strike 1-1: Ball 2-1: Called Strike 2-2: SINGLE (Groundball, 56D, EV 101.3 MPH) Derrek Lee to third Kevin Orie to second Runner from 3rd tries for Home, SAFE, throw by LF to home
|
|
Batting: LHB Alex Hernandez
|
0-0: Ball 1-0: Called Strike 1-1: Ball 2-1: Called Strike 2-2: Ball 3-2: Base on Balls Kevin Orie to third Wendell Magee to second
|
|
Batting: LHB Kenjiro Nomura
|
0-0: Fly out, F8 (Flyball, 8LS, EV 92.5 MPH)
|
|
Batting: RHB Raul Chavez
|
0-0: Ball 1-0: Swinging Strike 1-1: Called Strike 1-2: Fly out, F3 (Popup, 23F, EV 88.1 MPH)
|
| Bottom of the 3rd over - 1 run, 3 hits, 0 errors, 3 left on base; Danville 1 - Columbus 3 |
| TOP OF THE 4TH |
|
Danville Dairy Daddies batting - Pitching for Columbus Clippers : RHP Osvaldo Fernandez
|
|
Batting: RHB Kevin Polcovich
|
0-0: Ball 1-0: Called Strike 1-1: Ball 2-1: Ball 3-1: Base on Balls
|
|
Batting: RHB Shawn Gilbert
|
0-0: Called Strike 0-1: Ball 1-1: Swinging Strike 1-2: Fielders Choice at 2nd, 6-4 (Groundball, 6, EV 106.3 MPH)
|
|
Batting: RHB Erik Pappas
|
0-0: Ball 1-0: Called Strike 1-1: Ball 2-1: Ball 3-1: Base on Balls Shawn Gilbert to second
|
|
Batting: RHB Takahiro Ikeyama
|
0-0: SINGLE (Flyball, 78S, EV 92.5 MPH) Shawn Gilbert to third Erik Pappas to second Runner from 3rd tries for Home, SAFE, no throw by LF
|
|
Batting: SHB Joey Cora
|
0-0: Foul Ball, location: 2F 0-1: Ball 1-1: SINGLE (Flyball, 9S, EV 91.9 MPH) Erik Pappas to third Takahiro Ikeyama to second
|
|
Batting: RHB Mike Blowers
|
0-0: Swinging Strike 0-1: Ball 1-1: Fly out, F3 (Popup, 3F, EV 75.0 MPH)
|
|
Batting: LHB David Ortiz
|
0-0: Called Strike 0-1: Called Strike 0-2: Ball 1-2: Foul Ball, location: 2F 1-2: Fielders Choice at 2nd, U4 (Groundball, 4M, EV 91.3 MPH)
|
| Top of the 4th over - 1 run, 2 hits, 0 errors, 3 left on base; Danville 2 - Columbus 3 |
| BOTTOM OF THE 4TH |
|
Columbus Clippers batting - Pitching for Danville Dairy Daddies : RHP Scott Scudder
|
|
Batting: RHB Miguel Mejia
|
0-0: Ball 1-0: Ball 2-0: Bunt for hit to 15 - play at first, batter OUT! 1-3
|
|
Batting: LHB Ed Giovanola
|
0-0: Fly out, F7 (Flyball, 78M, EV 78.8 MPH)
|
|
Batting: RHB Carlos Garcia
|
0-0: Called Strike 0-1: Ball 1-1: Ground out 4-3 (Groundball, 34, EV 83.8 MPH)
|
| Bottom of the 4th over - 0 runs, 0 hits, 0 errors, 0 left on base; Danville 2 - Columbus 3 |
| TOP OF THE 5TH |
|
Danville Dairy Daddies batting - Pitching for Columbus Clippers : RHP Osvaldo Fernandez
|
|
Batting: LHB Brant Brown
|
0-0: Called Strike 0-1: Ball 1-1: Ground out 6-3 (Groundball, 6, EV 88.1 MPH)
|
|
Batting: LHB Rusty Greer
|
0-0: Called Strike 0-1: Foul Ball, location: 2F 0-2: Ball 1-2: Foul Ball, location: 2F 1-2: Foul Ball, location: 2F 1-2: Ball 2-2: SINGLE (Line Drive, 78S, EV 96.3 MPH)
|
|
Batting: RHB Kevin Polcovich
|
0-0: Ball 1-0: Grounds into double play, 6-4-3 (Groundball, 6, EV 83.8 MPH)
|
| Top of the 5th over - 0 runs, 1 hit, 0 errors, 0 left on base; Danville 2 - Columbus 3 |
| BOTTOM OF THE 5TH |
|
Columbus Clippers batting - Pitching for Danville Dairy Daddies : RHP Scott Scudder
|
|
Batting: RHB Derrek Lee
|
0-0: SINGLE (Groundball, 6D, EV 94.4 MPH)
|
|
Batting: RHB Kevin Orie
|
0-0: Ball 1-0: Foul Ball, location: 2F 1-1: Foul Ball, location: 2F 1-2: Foul Ball, location: 2F 1-2: Ground out 6-3 (Groundball, 4MS, EV 72.5 MPH) Derrek Lee to second
|
|
Batting: RHB Wendell Magee
|
0-0: Ball 1-0: Called Strike 1-1: SINGLE (Flyball, 7LS, EV 92.5 MPH) Derrek Lee to third
|
|
Batting: LHB Alex Hernandez
|
0-0: Ball 1-0: Ball 2-0: Ball 3-0: Called Strike 3-1: Foul Ball, location: 2F 3-2: SINGLE (Groundball, 4S, EV 70.0 MPH) (infield hit) Derrek Lee scores Wendell Magee to second
|
|
Batting: LHB Kenjiro Nomura
|
0-0: Ball 1-0: Ball 2-0: Called Strike 2-1: Fly out, F3 (Popup, 34S, EV 76.9 MPH)
|
|
Batting: RHB Raul Chavez
|
0-0: 3-RUN HOME RUN (Flyball, 9D, EV 101.9 MPH), Distance : 384 ft
|
|
Pitching: LHP Andrew Lorraine
|
|
|
Batting: RHB Miguel Mejia
|
0-0: Ground out 6-3 (Groundball, 6, EV 86.9 MPH)
|
| Bottom of the 5th over - 4 runs, 4 hits, 0 errors, 0 left on base; Danville 2 - Columbus 7 |
| TOP OF THE 6TH |
|
Danville Dairy Daddies batting - Pitching for Columbus Clippers : RHP Osvaldo Fernandez
|
|
Batting: RHB Shawn Gilbert
|
0-0: Ball 1-0: Swinging Strike 1-1: Ground out 6-3 (Groundball, 56, EV 81.3 MPH)
|
|
Batting: RHB Erik Pappas
|
0-0: Ball 1-0: Foul Ball, location: 2F 1-1: Foul Ball, location: 2F 1-2: Foul Ball, location: 2F 1-2: Ball 2-2: Ball 3-2: Fly out, F9 (Flyball, 9S, EV 91.3 MPH)
|
|
Batting: RHB Takahiro Ikeyama
|
0-0: Called Strike 0-1: Swinging Strike 0-2: Fly out, F9 (Flyball, 9LMF, EV 105.0 MPH)
|
| Top of the 6th over - 0 runs, 0 hits, 0 errors, 0 left on base; Danville 2 - Columbus 7 |
| BOTTOM OF THE 6TH |
|
Columbus Clippers batting - Pitching for Danville Dairy Daddies : LHP Andrew Lorraine
|
|
Batting: LHB Ed Giovanola
|
0-0: Ball 1-0: Ball 2-0: SINGLE (Groundball, 34D, EV 101.9 MPH)
|
|
Batting: RHB Carlos Garcia
|
0-0: Called Strike 0-1: Ball 1-1: Foul Ball, location: 2F 1-2: Ball 2-2: Foul Ball, location: 2F 2-2: Ground out 6-3 (Groundball, 6MS, EV 85.0 MPH) Ed Giovanola to second
|
|
Batting: RHB Derrek Lee
|
0-0: Fly out, F8 (Line Drive, 8LD, EV 89.4 MPH)
|
|
Batting: RHB Kevin Orie
|
0-0: Ball 1-0: Called Strike 1-1: Fly out, F7 (Line Drive, 7, EV 96.9 MPH)
|
| Bottom of the 6th over - 0 runs, 1 hit, 0 errors, 1 left on base; Danville 2 - Columbus 7 |
| TOP OF THE 7TH |
|
Danville Dairy Daddies batting - Pitching for Columbus Clippers : RHP Osvaldo Fernandez
|
|
Batting: SHB Joey Cora
|
0-0: Swinging Strike 0-1: Swinging Strike 0-2: Foul Ball, location: 2F 0-2: Ground out 1-3 (Groundball, 13S, EV 68.8 MPH)
|
|
Batting: RHB Mike Blowers
|
0-0: Foul Ball, location: 2F 0-1: Fly out, F9 (Flyball, 9LDF, EV 97.5 MPH)
|
|
Batting: LHB David Ortiz
|
0-0: Ball 1-0: Ball 2-0: Ball 3-0: Called Strike 3-1: SINGLE (Line Drive, 78M, EV 99.4 MPH)
|
|
Batting: LHB Brant Brown
|
0-0: Foul Ball, location: 2F 0-1: Foul Ball, location: 2F 0-2: Strikes out swinging
|
| Top of the 7th over - 0 runs, 1 hit, 0 errors, 1 left on base; Danville 2 - Columbus 7 |
| BOTTOM OF THE 7TH |
|
Columbus Clippers batting - Pitching for Danville Dairy Daddies : LHP Andrew Lorraine
|
|
Batting: RHB Wendell Magee
|
0-0: Foul Ball, location: 2F 0-1: Ball 1-1: Ground out 6-3 (Groundball, 6, EV 104.4 MPH)
|
|
Batting: LHB Alex Hernandez
|
0-0: Called Strike 0-1: Called Strike 0-2: Foul Ball, location: 2F 0-2: Strikes out swinging
|
|
Batting: LHB Kenjiro Nomura
|
0-0: Single, Error in OF, E9, batter to second base (Line Drive, 9S, EV 109.4 MPH)
|
|
Batting: RHB Raul Chavez
|
0-0: Called Strike 0-1: Ball 1-1: Fly out, F9 (Flyball, 9, EV 93.1 MPH)
|
| Bottom of the 7th over - 0 runs, 1 hit, 1 error, 1 left on base; Danville 2 - Columbus 7 |
| TOP OF THE 8TH |
|
Danville Dairy Daddies batting - Pitching for Columbus Clippers : RHP Osvaldo Fernandez
|
|
Pitching: RHP Chris Brock
|
|
|
Batting: LHB Rusty Greer
|
0-0: Ball 1-0: Swinging Strike 1-1: SINGLE (Groundball, 34D, EV 100.6 MPH)
|
|
Batting: RHB Kevin Polcovich
|
0-0: Called Strike 0-1: Swinging Strike 0-2: Strikes out looking
|
|
Batting: RHB Shawn Gilbert
|
0-0: Foul Ball, location: 2F 0-1: Ball 1-1: Swinging Strike 1-2: Grounds into double play, 5-4-3 (Groundball, 56S, EV 76.9 MPH)
|
| Top of the 8th over - 0 runs, 1 hit, 0 errors, 0 left on base; Danville 2 - Columbus 7 |
| BOTTOM OF THE 8TH |
|
Columbus Clippers batting - Pitching for Danville Dairy Daddies : LHP Andrew Lorraine
|
|
Batting: RHB Miguel Mejia
|
0-0: Foul Ball, location: 2F 0-1: Ball 1-1: Foul Ball, location: 2F 1-2: SINGLE (Groundball, 6MD, EV 104.4 MPH)
|
|
Batting: LHB Ed Giovanola
|
0-0: Called Strike 0-1: Fielders Choice at 2nd, 4-6 (Groundball, 34, EV 83.8 MPH)
|
|
Batting: RHB Carlos Garcia
|
0-0: Ball 1-0: Ball 2-0: Fly out, F8 (Flyball, 8RM, EV 91.3 MPH)
|
|
Batting: RHB Derrek Lee
|
0-0: Swinging Strike 0-1: Ball 1-1: Called Strike 1-2: Ball 2-2: Foul Ball, location: 2F 2-2: Ball 3-2: SINGLE (Groundball, 6D, EV 102.5 MPH) Ed Giovanola to second Ed Giovanola to third
|
|
Batting: RHB Kevin Orie
|
0-0: Fly out, F8 (Flyball, 8RD, EV 95.6 MPH)
|
| Bottom of the 8th over - 0 runs, 2 hits, 0 errors, 2 left on base; Danville 2 - Columbus 7 |
| TOP OF THE 9TH |
|
Danville Dairy Daddies batting - Pitching for Columbus Clippers : RHP Chris Brock
|
|
Batting: RHB Erik Pappas
|
0-0: Called Strike 0-1: Ball 1-1: Ball 2-1: Fly out, F7 (Flyball, 7LSF, EV 81.9 MPH)
|
|
Batting: RHB Takahiro Ikeyama
|
0-0: Ball 1-0: Foul Ball, location: 2F 1-1: Ball 2-1: Ball 3-1: Base on Balls
|
|
Pitching: RHP Marc Wilkins
|
|
|
Batting: SHB Joey Cora
|
0-0: Ball 1-0: Ball 2-0: Grounds into double play, 5-4-3 (Groundball, 56, EV 102.5 MPH)
|
| Top of the 9th over - 0 runs, 0 hits, 0 errors, 0 left on base; Danville 2 - Columbus 7 |
|